 Dungeon Crawl Stone Soup version 0.29.0-13-gc9e81de378 (webtiles) character file.

Game seed: 9254089272805609668

1245 Powertoast the Frost Mage (level 8, 0/64 HPs)
             Began as a Naga Ice Elementalist on Sept 11, 2022.
             Was a Follower of Cheibriados.
             Slain by a yak (4 damage)
             ... on level 5 of the Dungeon.
             The game lasted 00:24:33 (5280 turns).

Powertoast the Frost Mage (Naga Ice Elementalist)   Turns: 5280, Time: 00:24:34

Health: 0/64       AC: 12    Str: 14    XL:     8   Next: 50%
Magic:  8/14       EV: 10    Int: 20    God:    Cheibriados [*.....]
Gold:   263        SH:  5    Dex: 23    Spells: 4/15 levels left

rFire   . . .      SeeInvis +   y - +2 war axe (elec)
rCold   . . .      Faith    .   (no shield)
rNeg    . . .      Spirit   .   m - +0 robe
rPois   +          Reflect  +   t - +0 helmet "Omyicsye" {Dex+8}
rElec   .          Harm     .   n - scarf {repulsion}
rCorr   .          Rampage  .   (no gloves)
Will    +....                   (no barding)
Stlth   +++.......              w - amulet of reflection
HPRegen 0.20/turn               (no ring)
MPRegen 0.14/turn               (no ring)

@: ice-armoured, freezing walls, repel missiles, very slow
A: AC +2, large, see invisible, deformed body, poison resistance, slowness 2,
spit poison 1, naga tail 1
a: Spit Poison, Renounce Religion, Bend Time


You were on level 5 of the Dungeon.
You worshipped Cheibriados.
Cheibriados was aware of your devotion.
You visited 2 branches of the dungeon, and saw 6 of its levels.

You collected 263 gold pieces.

Inventory:

Hand Weapons
 a - a +1 vampiric spear
 b - a +2 dagger of venom
 e - a +0 short sword
 y - a +2 war axe of electrocution (weapon)
Armour
 m - a +0 robe (worn)
 n - a scarf of repulsion (worn)
 t - the +0 helmet "Omyicsye" (worn) {Dex+8}
   (You found it on level 2 of the Dungeon)

   Dex:       It affects your dexterity (+8).
Magical Staves
 u - a staff of fire
Jewellery
 c - a ring of fire
 w - an amulet of reflection (around neck)
Scrolls
 d - a scroll of enchant armour {unknown}
 g - 2 scrolls of magic mapping
 i - a scroll of immolation
 p - a scroll of fog
 x - a scroll of identify
Potions
 f - 3 potions of curing
 h - 2 potions of flight
 j - a potion of cancellation {unknown}
 k - a potion of might {unknown}
 l - a potion of lignification {unknown}
 o - a potion of magic
 q - 2 potions of mutation
 r - a potion of brilliance {unknown}
 s - a potion of ambrosia {unknown}
 v - a potion of heal wounds {unknown}
 z - a potion of degeneration {unknown}


   Skills:
 + Level 1.6 Fighting
 + Level 1.6 Axes
 - Level 1.5 Dodging
 - Level 3.0 Stealth
 + Level 4.3 Spellcasting
 * Level 4.8 Conjurations
 - Level 8.0 Ice Magic


You had 4 spell levels left.
You knew the following spells:

 Your Spells              Type           Power      Damage    Failure   Level
a - Freeze                Ice            100%       1d11      1%          1
b - Frozen Ramparts       Ice            72%        1d11      1%          3
c - Ozocubu's Armour      Ice            36%        N/A       1%          3
d - Hailstorm             Conj/Ice       30%        3d8       9%          4

Your spell library contained the following spells:

 Spells                   Type           Power      Damage    Failure   Level
 Beastly Appendage        Tmut           8%         N/A       12%         1
 Summon Small Mammal      Summ           16%        N/A       12%         1
 Wereblood                Tmut           4%         N/A       19%         2
 Call Canine Familiar     Summ           4%         N/A       36%         3
 Spider Form              Tmut/Pois      4%         N/A       36%         3
 Summon Guardian Golem    Hex/Summ       4%         N/A       36%         3


Dungeon Overview and Level Annotations

Branches:
Dungeon (5/15)             Temple (1/1) D:4

Altars:
Ashenzari
Cheibriados
Elyvilon
Fedhas
Gozag
Makhleb
Qazlal
Ru
Sif Muna
Trog
Wu Jian
Xom


Innate Abilities, Weirdness & Mutations

Your serpentine skin is tough. (AC +2)
You have supernaturally acute eyesight. (SInv)
Armour fits poorly on your strangely shaped body.
Your system is resistant to poisons. (rPois)
You cover ground very slowly.
You can spit poison.
You have a snake-like lower body.


Message History

You hit the yak. The yak gores you.
* * * LOW HITPOINT WARNING * * *
The yak gores you.
* * * LOW HITPOINT WARNING * * *
You block the yak's attack.
Okay, then.
Okay, then.
Casting: Frozen Ramparts (safe; 1% risk of failure)
Confirm with . or Enter, or press ? or * to list all spells.
Casting: Frozen Ramparts (safe; 1% risk of failure)
Press: ? - help, Dir - look around, f - activate
Okay, then.
Casting: Frozen Ramparts (safe; 1% risk of failure)
Confirm with . or Enter, or press ? or * to list all spells.
Casting: Hailstorm (dangerous; 10% risk of failure)
Press: ? - help, Dir - look around, f - activate
Okay, then.
Casting: Hailstorm (dangerous; 10% risk of failure)
Confirm with . or Enter, or press ? or * to list all spells.
Casting: Frozen Ramparts (safe; 1% risk of failure)
Press: ? - help, Dir - look around, f - activate The walls around you are covered in ice.
The yak gores you.
* * * LOW HITPOINT WARNING * * *
The wall freezes the yak!
The wall freezes the yak.
The yak closely misses you.
You barely miss the yak.
The yak is severely wounded.
You hit the yak. x2; The wall freezes the yak.
The yak completely misses you. The yak gores you!
* * * LOW HITPOINT WARNING * * *
The wall freezes the yak!
The yak gores you but does no damage.
You hit the yak.
You kill the yak!
Cheibriados appreciates the change of pace.
Cheibriados raises the support of your attributes as your movement slows.
You hit the yak. You slash the yak!
The wall freezes the yak.
You kill the yak!
Cheibriados thoroughly appreciates the change of pace.
The yak gores you.
You die...

#.# #.........) #. #.#
#.......... #. #.#
#.#.......# ###. #.#
#.##.....##
.###.#.####.#
#.####.###
............###......#
................######
.......Y..#####.#
.#.....†@## ###
.....#..## .#..#....#
.. #....## ..##.....#
#........#####
[.............#
...............YY
...........Y.....


You could see a yak.

Vanquished Creatures
  4 yaks (D:5)
  Eustachio (D:4)
  A phantom (D:5)
  A necrophage (D:5)
  2 scorpions
  3 wights (D:5)
  A crimson imp (D:3)
  2 hounds (D:5)
  A jelly (D:4)
  An iguana (D:4)
  2 orc wizards
  7 gnolls
  4 adders
  2 ufetubi
  5 worms
  A dart slug (D:4)
  6 orcs
  5 bats
  3 endoplasms
  6 giant cockroaches
  A goblin (D:1)
  11 hobgoblins
  6 jackals
  4 kobolds
  3 quokkas
  8 ball pythons
  6 frilled lizards
  7 rats
104 creatures vanquished.

Notes
Turn   | Place    | Note
-------+----------+-------------------------------------------
     0 | D:1      | Powertoast the Naga Ice Elementalist began the quest for
                  | the Orb.
     0 | D:1      | Reached XP level 1. HP: 15/15 MP: 3/3
   410 | D:1      | Reached XP level 2. HP: 22/22 MP: 5/5
   804 | D:1      | Reached XP level 3. HP: 23/28 MP: 6/6
   882 | D:1      | Reached skill level 5 in Ice Magic
   962 | D:1      | Found a faded altar of an unknown god.
  2004 | D:2      | Identified the +0 helmet "Omyicsye" {Dex+8}
  2165 | D:2      | Reached XP level 4. HP: 36/36 MP: 7/7
  2169 | D:2      | Learned a level 3 spell: Frozen Ramparts
  2173 | D:2      | Learned a level 3 spell: Ozocubu's Armour
  2593 | D:3      | Found a burning altar of Makhleb.
  2593 | D:3      | Found a shimmering altar of Xom.
  2596 | D:3      | Reached skill level 6 in Ice Magic
  2596 | D:3      | Reached XP level 5. HP: 42/42 MP: 6/8
  3290 | D:4      | Found a staircase to the Ecumenical Temple.
  3299 | Temple   | Entered the Ecumenical Temple
  3313 | Temple   | Became a worshipper of Cheibriados the Contemplative
  3565 | D:4      | Noticed Eustachio
  3584 | D:4      | Killed Eustachio
  3585 | D:4      | Reached XP level 6. HP: 47/49 MP: 4/11
  3782 | D:4      | Reached skill level 7 in Ice Magic
  3999 | D:4      | Reached XP level 7. HP: 55/55 MP: 10/13
  4369 | D:4      | Found an opulent altar of Gozag.
  4414 | D:5      | Entered Level 5 of the Dungeon
  4420 | D:5      | Reached * piety under Cheibriados
  4468 | D:5      | Reached skill level 1 in Conjurations
  4473 | D:5      | Learned a level 4 spell: Hailstorm
  4964 | D:5      | Reached skill level 8 in Ice Magic
  5199 | D:5      | Reached XP level 8. HP: 60/62 MP: 8/14
  5257 | D:5      | Noticed a yak
  5258 | D:5      | Noticed a yak
  5258 | D:5      | Noticed a yak
  5258 | D:5      | Noticed a yak
  5262 | D:5      | Noticed a yak
  5268 | D:5      | Killed a yak
  5269 | D:5      | Reached skill level 1 in Fighting
  5269 | D:5      | Reached skill level 1 in Axes
  5270 | D:5      | Killed a yak
  5280 | D:5      | Killed a yak
  5280 | D:5      | Killed a yak
  5280 | D:5      | Slain by a yak

Illustrated notes

Levels and vault maps discovered:
D:1:      evilmike_arrival_fibonacci_small, layout_basic,
          hellmonk_ecumenical_altar_lost_god, minmay_ruptured
D:2:      layout_basic, amcnicky_mini_pool_small, minmay_pentomino_z2
D:3:      layout_loops_cross, grunt_temple_overflow_champion_of_chaos,
          minmay_strange_pillars, roderic_roman_lattice, feat_on_display
D:4:      layout_loops_ring, nicolae_gozag_seed_capital,
          minmay_temple_entry_nine_rooms, uniq_eustachio
D:5:      minmay_opposing_rooms, layout_rooms, gammafunk_temple_overflow_pools,
          mainiacjoe_overflow_paths
Temple:   hellmonk_temple_rainy

Skill      XL: |  1  2  3  4  5  6  7  8 |
---------------+-------------------------+-----
Ice Magic      | 5 6 7 8 |  8.0
Spellcasting   | 3 4 |  4.3
Conjurations   | 3 4 |  4.8
Fighting       | 1 |  1.6
Axes           | 1 |  1.6
Dodging        | |  1.5
Stealth        | |  3.0

Action                   |  1- 3 |  4- 6 |  7- 9 || total
-------------------------+-------+-------+-------++-------
Melee: Short sword       |    19 |       |       ||    19
       Unarmed           |     1 |       |       ||     1
       Dagger            |    11 |    14 |    30 ||    55
       Spear             |     8 |    12 |     1 ||    21
       War axe           |       |       |    43 ||    43
 Cast: Freeze            |     9 |    15 |    15 ||    39
       Frozen Ramparts   |       |     2 |    11 ||    13
       Ozocubu's Armour  |       |     2 |     9 ||    11
 Abil: Spit Poison       |    51 |    40 |    12 ||   103
  Use: Scroll            |     3 |     4 |       ||     7
       Potion            |       |       |     1 ||     1
Armor: Robe              |    12 |     3 |    28 ||    43
Dodge: Dodged            |    22 |    20 |    49 ||    91
Block: Other             |       |       |    18 ||    18
